 Dungeon Crawl Stone Soup version 0.31-a0-1370-gf52a5a9ab3 (webtiles) character file.

Game seed: 14866942154337544351

152 croobank the Firebug (level 4, -1/33 HPs)
             Began as a Demigod Fire Elementalist on Dec 24, 2023.
             Slain by a gnoll
             ... wielding a +0 spear
              (6 damage)
             ... on level 4 of the Dungeon.
             The game lasted 00:06:40 (3913 turns).

croobank the Firebug (Demigod Fire Elementalist)    Turns: 3913, Time: 00:06:41

Health: -1/33      AC:  2    Str:  9    XL:     4   Next: 87%
Magic:  2/10       EV: 12    Int: 21    God:
Gold:   142        SH:  0    Dex: 14    Spells: 1/7 levels left

rFire   . . .        b - +0 sling
rCold   . . .        (no shield)
rNeg    . . .        d - +0 robe
rPois   .            (helmet currently unavailable)
rElec   .            (cloak currently unavailable)
rCorr   .            (gloves currently unavailable)
SInv    .            (boots currently unavailable)
Will    .....        (no amulet)
Stlth   ++           (no ring)
HPRegen 0.25/turn    (no ring)
MPRegen 0.12/turn

%: no passive effects
@: beast-form
A: beast (slay +0), high MP 1, forlorn, divine attributes
a: Begin Untransformation


You were on level 4 of the Dungeon.
You were a hulking beast.
You visited 1 branch of the dungeon, and saw 4 of its levels.

You collected 142 gold pieces.

Inventory:

Hand Weapons
 a - a +2 dagger of electrocution
 b - a +0 sling (weapon)
 c - a +0 whip
 i - a +0 war axe
 x - a +0 short sword
Missiles
 g - 3 curare-tipped darts
 k - 5 boomerangs
 o - 5 poisoned darts
 s - 4 javelins
Armour
 d - a +0 robe (worn)
 l - a +0 ring mail
 B - a +0 pair of gloves
Talismans
 j - a flux talisman
Wands
 v - a wand of flame (6)
Scrolls
 e - a scroll of blinking {unknown}
 m - 6 scrolls of identify {unknown}
 n - 2 scrolls of poison {unknown}
 q - 3 scrolls of immolation {unknown}
 u - a scroll of revelation {unknown}
 y - a scroll of enchant weapon {unknown}
 z - a scroll of fog {unknown}
 A - a scroll of brand weapon {unknown}
Potions
 f - 2 potions of resistance {unknown}
 h - 2 potions of magic
 p - a potion of might {unknown}
 r - a potion of lignification {unknown}
 t - 5 potions of curing {unknown}
 w - a potion of enlightenment {unknown}


   Skills:
 + Level 0.1 Fighting
 + Level 2.5 Dodging
 + Level 2.4 Stealth
 + Level 2.2 Spellcasting
 + Level 1.8 Conjurations
 + Level 0.8 Hexes
 + Level 3.2 Fire Magic
 * Level 1.3 Shapeshifting


You had one spell level left.
You knew the following spells:

 Your Spells              Type           Power      Damage    Failure   Level
a - Foxfire               Conj/Fire      52%        2x1d6     4%          1
b - Scorch                Fire           32%        2d6       5%          2
c - Inner Flame           Hex/Fire       11%        N/A       19%         3

Your spell library contained the following spells:

 Spells                   Type           Power      Damage    Failure   Level
 Apportation              Tloc           4%         N/A       14%         1
 Jinxbite                 Hex            10%        N/A       16%         2
 Volatile Blastmotes      Fire/Tloc      18%        2d11      22%         3
 Flame Wave               Conj/Fire      13%        2d6       45%         4
 Alistair's Intoxication  Alch           1%         N/A       99%         5


Dungeon Overview and Level Annotations

Branches:
Dungeon (4/15)             Temple (0/1) D:4

Shops:
D:1 !

Annotations:
D:4 3 runed translucent doors


Innate Abilities, Weirdness & Mutations

You are a hulking beast.
Your limbs bulge with bestial killing power. (Slay +0)
You have an increased reservoir of magic. (+10% MP)
You shall have no god before yourself.
Your divine heritage dramatically boosts your attributes as you level up.


Message History

The ball python is moderately wounded.
The foxfire hits the ball python.
The ball python is heavily wounded.
The gnoll closely misses you. The gnoll barely misses you.
The foxfire hits the ball python.
The ball python is severely wounded.
The foxfire hits the ball python.
You kill the ball python!
The gnoll attacks as it pursues you! The gnoll misses you.
Casting: Foxfire (safe; 4% risk of failure)
Confirm with . or Enter, or press ? or * to list all spells.
You conjure some foxfire!
The gnoll hits you from afar with a +0 spear.
The gnoll barely misses you.
Casting: Foxfire (safe; 4% risk of failure)
Confirm with . or Enter, or press ? or * to list all spells.
You conjure some foxfire!
The foxfire hits the gnoll but does no damage.
The gnoll is heavily wounded.
The foxfire hits the gnoll but does no damage.
The gnoll is heavily wounded.
The gnoll barely misses you.
The gnoll hits you from afar with a +0 halberd!
* * * LOW HITPOINT WARNING * * *
Casting: Foxfire (safe; 4% risk of failure)
Confirm with . or Enter, or press ? or * to list all spells.
Flames lash the gnoll.
The gnoll is moderately wounded.
The gnoll's fire resistance burns away.
The foxfire hits the gnoll.
The gnoll is severely wounded.
The foxfire hits the gnoll.
The gnoll is burned terribly!
The gnoll is heavily wounded.
The gnoll barely misses you. x2
Casting: Scorch (safe; 5% risk of failure)
Confirm with . or Enter, or press ? or * to list all spells.
Flames lash the gnoll.
The gnoll is heavily wounded.
The gnoll's fire resistance burns away.
The gnoll hits you but does no damage.
The gnoll hits you from afar with a +0 spear.
You die...

...................>.≈≈
.............≈≈≈≈≈≈...≈≈
..............≈≈≈≈≈≈≈≈≈≈
................≈≈≈≈≈≈≈≈
..................≈≈≈≈≈.
........................
............[...........
......§..g......†.......
.......h.g..............
.......g................
.........)..............
...................#....
.............###........
......$.....## #........
.........#.## #..######
#.....###.## .. .... ?


You could see 3 gnolls.

Vanquished Creatures
  3 adders
  2 bombardier beetles
  A worm (D:4)
  5 dart slugs
  4 orcs (D:3)
  8 bats
  8 endoplasms
  A giant cockroach (D:1)
  11 goblins
  13 hobgoblins
  A jackal (D:2)
  9 kobolds
  A quokka (D:1)
  10 ball pythons
  8 frilled lizards
  5 rats
90 creatures vanquished.

Vanquished Creatures (others)
  105 foxfires
105 creatures vanquished.

Grand Total: 195 creatures vanquished

Notes
Turn   | Place    | Note
-------+----------+-------------------------------------------
     0 | D:1      | croobank the Demigod Fire Elementalist began the quest for
                  | the Orb.
     0 | D:1      | Reached XP level 1. HP: 14/14 MP: 5/5
   111 | D:1      | Reached skill level 1 in Conjurations
   228 | D:1      | Reached XP level 2. HP: 20/20 MP: 0/7
   399 | D:1      | Learned a level 2 spell: Scorch
   900 | D:1      | Found Quheezo's Distillery.
  1044 | D:1      | Reached skill level 3 in Fire Magic
  1044 | D:1      | Reached XP level 3. HP: 26/26 MP: 3/8
  1106 | D:1      | Learned a level 3 spell: Inner Flame
  2667 | D:3      | Reached XP level 4. HP: 33/33 MP: 5/10
  2994 | D:3      | Reached skill level 1 in Shapeshifting
  3485 | D:4      | Found a runed translucent gate.
  3487 | D:4      | Found a runed translucent gate.
  3488 | D:4      | Found a runed translucent gate.
  3488 | D:4      | Noticed an orc warrior
  3818 | D:4      | Found a staircase to the Ecumenical Temple.
  3913 | D:4      | Slain by a gnoll

Illustrated notes

Levels and vault maps discovered:
D:1:      eino_arrival_cavern_a, layout_basic, serial_shops, shop
D:2:      minmay_chambers_of_twos, layout_rooms, serial_glass, glass_columns_a,
          glass_columns_c, skrybe_limestone_x
D:3:      corexii_shack_village, layout_rooms,
          dilly_ecumenical_altar_fadedgnrine
D:4:      layout_layer_cave, temple_pool_b, gammafunk_ghost_split

Skill      XL: |  1  2  3  4 |
---------------+-------------+-----
Conjurations   | 1 |  1.8
Stealth        | 2 |  2.4
Dodging        | 2 |  2.5
Spellcasting   | 2 |  2.2
Fire Magic     | 3 |  3.2
Shapeshifting  | 1 |  1.3
Fighting       | |  0.1
Hexes          | |  0.8

Action                     |  1- 3 |  4- 6 || total
---------------------------+-------+-------++-------
  Melee: Whip              |    31 |       ||    31
         Short sword       |     1 |       ||     1
         Dagger            |       |    15 ||    15
         Punch             |       |     1 ||     1
   Fire: Sling             |    51 |    35 ||    86
   Cast: Foxfire           |    37 |    27 ||    64
         Scorch            |    22 |     7 ||    29
    Use: Scroll            |     1 |       ||     1
   Stab: Sleeping          |       |     4 ||     4
 Armour: Robe              |    25 |    23 ||    48
  Dodge: Dodged            |    37 |    22 ||    59
   Form: Beast             |     1 |       ||     1

Table legend: (Time is in decaauts)
 A = Elapsed time spent in this place.
 B = Non-inter-level travel time spent in this place.
 C = Inter-level travel time spent in this place.
 D = Time resting spent in this place.
 E = Time spent auto-exploring this place.
 F = Levels seen in this place.
 G = Mean time per level.
                   A        B        C        D        E       F      G
               +--------+--------+--------+--------+--------+-----+--------+
         Total |   3946 |   3831 |    115 |    450 |   2755 |   4 |  986.5 |
       Dungeon |   3946 |   3831 |    115 |    450 |   2755 |   4 |  986.5 |
               +--------+--------+--------+--------+--------+-----+--------+

Top non-repeatable levels by time:
     D:1: 1805 daAuts
     D:2: 875 daAuts
     D:3: 799 daAuts
     D:4: 465 daAuts
